 Dungeon Crawl Stone Soup version 0.29.1-15-g9cfb28693d (webtiles) character file.

Game seed: 1244174692284380004

3 KittyFluff the Trooper (level 1, -1/14 HPs)
             Began as a Gargoyle Berserker on Apr 28, 2023.
             Was a Follower of Trog.
             Slain by a goblin
             ... wielding a +3 dagger
              (4 damage)
             ... on level 1 of the Dungeon.
             The game lasted 00:00:48 (176 turns).

KittyFluff the Trooper (Gargoyle Berserker)          Turns: 176, Time: 00:00:49

Health: -1/14      AC:  4    Str: 20    XL:     1   Next: 50%
Magic:  1/1        EV: 11    Int:  7    God:    Trog [*.....]
Gold:   10         SH:  0    Dex:  9    Spells: 0/0 levels left

rFire   . . .      SeeInvis .   a - +0 mace
rCold   . . .      Faith    .   (no shield)
rNeg    + . .      Spirit   .   b - +0 animal skin
rPois   ∞          Reflect  .   (no helmet)
rElec   +          Harm     .   (no cloak)
rCorr   .          Rampage  .   (no gloves)
Will    .....                   (no boots)
Stlth   +.........              (no amulet)
HPRegen 0.04/turn               (no ring)
MPRegen 0.07/turn               (no ring)

@: no status effects
A: sickness immunity, AC +2, negative energy resistance 1, electricity
resistance, torment resistance 1, petrification resistance
a: Renounce Religion, Berserk


You were on level 1 of the Dungeon.
You worshipped Trog.
Trog was aware of your devotion.
You visited 1 branch of the dungeon, and saw 1 of its levels.

You collected 10 gold pieces.

Inventory:

Hand Weapons
 a - a +0 mace (weapon)
Armour
 b - a +0 animal skin (worn)


   Skills:
 + Level 3.3 Fighting
 * Level 3.1 Maces & Flails
 + Level 2.2 Armour
 + Level 1.5 Dodging


You couldn't memorise any spells.
You didn't know any spells.
Your spell library was empty.

Dungeon Overview and Level Annotations

Branches:
Dungeon (1/15)

Altars:


Innate Abilities, Weirdness & Mutations

You are immune to sickness and miasma.
Your stone body is resilient. (AC +2)
You are immune to poison.
You resist negative energy. (rN+)
You are resistant to electric shocks. (rElec)
You are resistant to unholy torment.
You are immune to petrification.


Message History

The bat hits you but does no damage. The bat closely misses you.
You miss the bat. The bat barely misses you.
You closely miss the bat. The bat closely misses you.
The bat hits you but does no damage. The bat completely misses you.
You miss the bat. The bat hits you but does no damage. The bat hits you.
The bat closely misses you. The bat hits you but does no damage.
You closely miss the bat. The bat misses you.
The bat hits you but does no damage.
You thump the bat!
You kill the bat!
Trog accepts your kill.
A bat comes into view.
The bat hits you. The bat hits you but does no damage.
The bat barely misses you.
You barely miss the bat. The bat barely misses you.
You miss the bat. The bat barely misses you.
A goblin comes into view. It is wielding a +3 dagger.
The goblin shouts!
The bat hits you but does no damage. The bat hits you but does no damage.
The bat barely misses you. The bat misses you. The bat closely misses you.
You sock the bat!
You kill the bat!
Trog accepts your kill.
You closely miss the goblin. The goblin hits you with a +3 dagger.
You barely miss the goblin.
The goblin hits you with a +3 dagger. x2
You hit the goblin.
The goblin is severely wounded.
The goblin barely misses you.
You barely miss the goblin.
The goblin is severely wounded.
The goblin hits you with a +3 dagger.
* * * LOW HITPOINT WARNING * * *
You barely miss the goblin.
The goblin is severely wounded.
The goblin hits you with a +3 dagger.
You die...

..... # ....## ..
#..... ... ......
.. .#....## #####.#
... #.....# ### #g#
#@# #.#
##.################
#..................
###################


You could see a goblin.

Vanquished Creatures
  A hobgoblin (D:1)
  2 bats (D:1)
  A kobold (D:1)
4 creatures vanquished.

Notes
Turn   | Place    | Note
-------+----------+-------------------------------------------
     0 | D:1      | KittyFluff the Gargoyle Berserker began the quest for the
                  | Orb.
     0 | D:1      | Reached XP level 1. HP: 14/14 MP: 1/1
   176 | D:1      | Slain by a goblin

Illustrated notes

Levels and vault maps discovered:
D:1:      lightli_molten_gateway, layout_basic, ebering_ecumenical_altar_ruins

Action                   || total
-------------------------++-------
Melee: Mace              ||    19
Armor: Animal skin       ||    15
Dodge: Dodged            ||    18
